 Dungeon Crawl Stone Soup version 0.29-a0-824-gd827844252 (webtiles) character file.

Game seed: 5894946448153801669

15 LynnLen the Vexing (level 2, 21/21 HPs)
             Began as a Vampire Enchanter on July 10, 2022.
             Quit the game on level 2 of the Dungeon.
             The game lasted 00:03:16 (365 turns).

LynnLen the Vexing (Vampire Enchanter)               Turns: 365, Time: 00:03:16

Health: 21/21      AC:  2    Str:  7    XL:     2   Next: 34%
Magic:  5/5        EV: 12    Int: 17    God:
Gold:   13         SH:  0    Dex: 14    Spells: 5/5 levels left

rFire   . . .      SeeInvis +   a - +1 dagger
rCold   . . .      Faith    .   (no shield)
rNeg    . . .      Spirit   .   b - +0 robe
rPois   .          Reflect  .   (no helmet)
rElec   .          Harm     .   (no cloak)
rCorr   .          Rampage  .   (no gloves)
Will    .....                   (no boots)
Stlth   +++.......              (no amulet)
HPRegen 0.27/turn               (no ring)
MPRegen 0.09/turn               (no ring)

@: healing quickly
A: alive, fangs 3, see invisible, vampiric 1
a: Exsanguinate


You were on level 2 of the Dungeon.
You visited 1 branch of the dungeon, and saw 2 of its levels.

You collected 13 gold pieces.

Inventory:

Hand Weapons
 a - a +1 dagger (weapon)
Armour
 b - a +0 robe (worn)
Scrolls
 d - 2 scrolls of identify {unknown}
Potions
 c - a potion of invisibility


   Skills:
 - Level 1.3 Fighting
 - Level 1.5 Short Blades
 + Level 0.3 Armour
 - Level 2.1 Dodging
 - Level 4.4 Stealth
 - Level 2.0 Spellcasting
 - Level 4.4 Hexes


You had 5 spell levels left.
You didn't know any spells.
Your spell library contained the following spells:

 Spells                   Type           Power      Damage    Failure   Level
 Confusing Touch          Hex            16%        N/A       10%         3
 Tukima's Dance           Hex            16%        N/A       10%         3
 Ensorcelled Hibernation  Hex/Ice        18%        N/A       12%         2
 Dazzling Flash           Conj/Hex       18%        N/A       24%         3


Dungeon Overview and Level Annotations

Branches:
Dungeon (2/15)

Altars:


Innate Abilities, Weirdness & Mutations

Your natural rate of healing is accelerated.
You have razor-sharp teeth.
You have supernaturally acute eyesight. (SInv)
You are afflicted with vampirism.


Message History

A kobold comes into view. It is wielding a +2 dagger of flaming.
A goblin comes into view. It is wielding a +0 dagger.
There is an escape hatch in the ceiling here.
You see here an adder corpse.
There is a stone staircase leading up here.
As you open the door, it creaks loudly!
You hear a shout!
A hobgoblin comes into view.
There is an open door here.
The hobgoblin hits you. The hobgoblin misses you.
You open the door. The hobgoblin hits you. The hobgoblin hits you.
There is an open door here.
The hobgoblin hits you. The hobgoblin attacks as you move away!
The hobgoblin barely misses you. The hobgoblin closely misses you.
The hobgoblin attacks as you move away! The hobgoblin hits you.
The hobgoblin attacks as you move away! The hobgoblin hits you.
You fade into invisibility!
The hobgoblin hits you.
* * * LOW HITPOINT WARNING * * *
The hobgoblin shouts!
You open the door.
There is an open door here.
You start resting.
You flicker for a moment.
You start resting.
You flicker back into view.
You start resting.
HP restored.
You open the door.
There is an open door here.
There is an open door here.
There is a stone staircase leading up here.
A worm comes into view.
The helpless worm fails to defend itself.
You impale the worm!!
You kill the worm!
You see here a worm corpse.
Are you sure you want to abandon this character and quit the game? (Confirm with "yes".)

###..####...###...
...................
....#####...###...#
#######......##...#
..<...#.#....##...#
#####.#.#....##...####
#.#.#....#.......
#.#.#....#....#
#†#.#....#..@.#
#.#.#....#.####
#.#.#.......#
#####.#.........#
.....<.......#.##
.####...........# .#
##...........# .#
#...........# .#
#......)....#


There were no monsters in sight!

Vanquished Creatures
  An adder (D:2)
  A worm (D:2)
  A ball python (D:2)
  A hobgoblin (D:2)
4 creatures vanquished.

Notes
Turn   | Place    | Note
-------+----------+-------------------------------------------
     0 | D:1      | LynnLen the Vampire Enchanter began the quest for the Orb.
     0 | D:1      | Reached XP level 1. HP: 13/13 MP: 3/3
   196 | D:2      | Reached skill level 1 in Fighting
   196 | D:2      | Reached XP level 2. HP: 20/21 MP: 5/5
   365 | D:2      | Quit the game

Illustrated notes

Levels and vault maps discovered:
D:1:      minmay_arrival_radiant_lines, layout_loops_cross,
          ebering_ecumenical_altar_hall, minmay_stone_trees_small
D:2:      layout_basic, hex_large, minmay_misc_feat_encased, uniq_jessica

Skill      XL: |  1 |
---------------+----+-----
Fighting       | 1 |  1.3
Short Blades   | |  1.5
Armour         | |  0.3
Dodging        | |  2.1
Stealth        | |  4.4
Spellcasting   | |  2.0
Hexes          | |  4.4

Action                   || total
-------------------------++-------
Melee: Dagger            ||    13
       Bite              ||     1
  Use: Potion            ||     1
 Stab: Sleeping          ||     1
Armor: Robe              ||     1
Dodge: Dodged            ||    12

Table legend: (Time is in decaauts)
 A = Elapsed time spent in this place.
 B = Non-inter-level travel time spent in this place.
 C = Inter-level travel time spent in this place.
 D = Time resting spent in this place.
 E = Time spent auto-exploring this place.
 F = Levels seen in this place.
 G = Mean time per level.
                   A        B        C        D        E       F      G
               +--------+--------+--------+--------+--------+-----+--------+
         Total |    363 |    363 |      0 |     68 |      6 |   2 |  181.5 |
       Dungeon |    363 |    363 |      0 |     68 |      6 |   2 |  181.5 |
               +--------+--------+--------+--------+--------+-----+--------+

Top non-repeatable levels by time:
     D:2: 283 daAuts
     D:1: 80 daAuts
